 Dungeon Crawl Stone Soup version 0.27-a0-1416-g941b2bd30b (webtiles) character file.

Game seed: 17501121487483969185

65 wesbby the Covered (level 4, -9/35 HPs)
             Began as a Human Fighter on July 1, 2021.
             Was an Initiate of Okawaru.
             Killed by nerve-wracking pain
             ... invoked by Grinder
              (14 damage)
             ... on level 3 of the Dungeon.
             The game lasted 00:03:23 (2733 turns).

wesbby the Covered (Human Fighter)                  Turns: 2733, Time: 00:03:23

Health: -9/35      AC:  6    Str: 17    XL:     4   Next: 35%
Magic:  4/4        EV:  7    Int:  9    God:    Okawaru [......]
Gold:   153        SH:  9    Dex: 12    Spells: 3/3 levels left

rFire    . . .     SeeInvis .   a - +0 long sword
rCold    . . .     Faith    .   c - +0 kite shield
rNeg     . . .     Spirit   .   b - +0 scale mail
rPois    .         Reflect  .   (no helmet)
rElec    .         Harm     .   (no cloak)
rCorr    .         Rampage  .   (no gloves)
Will     .....                  (no boots)
Stlth    ..........             (no amulet)
HPRegen  0.11/turn              (no ring)
MPRegen  0.09/turn              (no ring)

@: no status effects
A: no striking features
a: Renounce Religion


You were on level 3 of the Dungeon.
You worshipped Okawaru.
Okawaru was noncommittal.
You visited 1 branch of the dungeon, and saw 3 of its levels.

You collected 153 gold pieces.

Inventory:

Hand Weapons
 a - a +0 long sword (weapon)
Missiles
 h - 18 stones (quivered)
Armour
 b - a +0 scale mail (worn)
 c - a +0 kite shield (worn)
Scrolls
 e - 2 scrolls of identify {unknown}
 i - a scroll of holy word {unknown}
Potions
 d - a potion of might
 f - a potion of invisibility {unknown}
 g - a potion of mutation {unknown}


   Skills:
 * Level 3.4 Fighting
 * Level 2.8 Long Blades
 + Level 3.6 Armour
 + Level 0.1 Dodging
 + Level 3.4 Shields


You had 3 spell levels left.
You didn't know any spells.
Your spell library contained the following spells:

 Spells                   Type           Power      Damage    Failure   Level
 Shock                    Conj/Air       0%         1d3       99%         1
 Swiftness                Air            0%         N/A       100%        3
 Airstrike                Air            0%         N/A       100%        4
 Animate Dead             Necr           0%         N/A       100%        4
 Borgnjor's Vile Clutch   Necr/Erth      0%         N/A       100%        5
 Death Channel            Necr           0%         N/A       100%        6


Dungeon Overview and Level Annotations

Branches:
Dungeon (3/15)

Altars:
Dithmenos
Okawaru

Annotations:
D:3 Grinder


Message History

Grinder says, "Don't move a muscle."
Grinder hits you.
You writhe in agony.
Grinder gestures at you. You resist with significant effort.
You slash Grinder!
Grinder is lightly wounded.
Grinder blinks!
Grinder is nearby!
Grinder is nearby!
Grinder gestures at you. Pain shoots through your body!
Grinder blinks!
Things that are here:
a +0 club; 8 boomerangs You barely miss Grinder.
Grinder is lightly wounded.
Grinder hits you.
You writhe in agony.
You block Grinder's attack.
You are too injured to fight recklessly!
You are too injured to fight recklessly!
You are too injured to fight recklessly!
You are too injured to fight recklessly!
You are too injured to fight recklessly!
You are too injured to fight recklessly!
You are too injured to fight recklessly!
You are too injured to fight recklessly!
You slash Grinder!
Grinder is moderately wounded.
You block Grinder's attack.
You hit Grinder.
Grinder is heavily wounded.
Grinder barely misses you. Grinder gestures at you.
Pain shoots through your body!
* * * LOW HITPOINT WARNING * * *
You hit Grinder but do no damage.
Grinder is moderately wounded.
Grinder blinks!
Grinder gestures at you. Pain shoots through your body!
You die...

## #.. . ....# ...
..##.#
##..####.##.## ...
....#.).## ..
##...#.#>#####.< ##
#.##@#.#...........
#...#.#.###.#.#.####
#.......# #.......#
#...#5#.##
##.####.#### ##
#.##)###..# #....###
#.##.###...#.#
##..#....
........†....#
#.....###
#.##.####.####
#+#..## #. #... ####


You could see Grinder.

Vanquished Creatures
  3 adders
  A worm (D:2)
  An orc (D:2)
  2 bats
  An endoplasm (D:1)
  2 giant cockroaches
  2 goblins
  4 hobgoblins
  A quokka (D:1)
  5 ball pythons
  4 kobolds
  6 rats
32 creatures vanquished.

Vanquished Creatures (others)
  A plant (D:3)
1 creature vanquished.

Grand Total: 33 creatures vanquished

Notes
Turn   | Place    | Note
-------+----------+-------------------------------------------
     0 | D:1      | wesbby the Human Fighter began the quest for the Orb.
     0 | D:1      | Reached XP level 1. HP: 18/18 MP: 1/1
   345 | D:1      | Reached XP level 2. HP: 24/24 MP: 2/2
   388 | D:1      | Found a faded altar of an unknown god.
  1203 | D:2      | Reached XP level 3. HP: 23/29 MP: 3/3
  2411 | D:3      | Found an iron altar of Okawaru.
  2414 | D:3      | Found a shadowy altar of Dithmenos.
  2419 | D:3      | Became a worshipper of Warmaster Okawaru
  2437 | D:3      | Reached XP level 4. HP: 26/35 MP: 4/4
  2699 | D:3      | Noticed Grinder
  2710 | D:3      | Paralysed by Grinder for 2 turns
  2733 | D:3      | Killed from afar by Grinder

Illustrated notes

Levels and vault maps discovered:
D:1:      dpeg_arrival_snail, layout_basic, ebering_ecumenical_altar_rust
D:2:      layout_basic
D:3:      layout_loops_ring, led_xom_imps, grunt_temple_overflow_open,
          supply_closet_lemuel, corexii_shack, uniq_grinder

Action                   |  1- 3 |  4- 6 || total
-------------------------+-------+-------++-------
Melee: Long sword        |    71 |    31 ||   102
Armor: Scale mail        |    32 |     9 ||    41
Dodge: Dodged            |    28 |     7 ||    35
Block: Kite shield       |    47 |    12 ||    59
       Rpst.: Long sword |    11 |     1 ||    12

Table legend: (Time is in decaauts)
 A = Elapsed time spent in this place.
 B = Non-inter-level travel time spent in this place.
 C = Inter-level travel time spent in this place.
 D = Time resting spent in this place.
 E = Time spent auto-exploring this place.
 F = Levels seen in this place.
 G = Mean time per level.
                   A        B        C        D        E       F      G
               +--------+--------+--------+--------+--------+-----+--------+
         Total |   2785 |   2597 |    188 |      0 |   2132 |   3 |  928.3 |
       Dungeon |   2785 |   2597 |    188 |      0 |   2132 |   3 |  928.3 |
               +--------+--------+--------+--------+--------+-----+--------+

Top non-repeatable levels by time:
     D:2: 1438 daAuts
     D:1: 948 daAuts
     D:3: 399 daAuts
